Map: [ESL] Royal Blood

Players

Krystianer - Winner!

  • Race: Protoss Protoss
  • Spawn Location: 1:00

ShaDoWn

  • Race: Protoss Protoss
  • Spawn Location: 7:00

Event: ESL SC2 Masters 2023 Summer (Regionals)

VOD

Have the link to the VOD?

Description

Time

  • Played on: May 14, 2023, 10:53 a.m.
  • Length: 10:46

All games in this series

Show
View Real Time Build Order
Export as new Build Order

Krystianer Protoss - Winner!

Build Orders:  

Get SALT Encoding   

  12  0:00  Probe  
  13  0:12  Probe  
  14  0:16  Pylon  
  14  0:24  Probe (Chrono Boost)  
  16  0:36  Probe (Chrono Boost), Gateway  
  16  0:43  Probe (Chrono Boost)  
  16  0:45  Assimilator  
  17  0:50  Probe  
  17  0:54  Assimilator  
  18  1:02  Probe (Chrono Boost)  
  19  1:08  Gateway  
  20  1:12  Probe (Chrono Boost)  
  20  1:17  Probe (Chrono Boost)  
  20  1:24  Cybernetics Core  
  21  1:29  Probe  
  22  1:39  Pylon  
  22  1:41  Probe  
  23  1:57  Probe  
  23  1:58  Warp Gate (Chrono Boost)  
  24  2:01  Adept x2  
  24  2:07  Shield Battery  
  28  2:15  Pylon  
  28  2:18  Probe  
  29  2:32  Adept  
  29  2:33  Adept  
  33  2:51  Nexus  
  33  2:54  Probe  
  34  3:02  Adept  
  36  3:06  Adept  
  38  3:15  Pylon  
  38  3:19  Probe  
  39  3:22  Shield Battery  
  39  3:33  Probe (Chrono Boost)  
  40  3:37  Twilight Council  
  40  3:45  Probe (Chrono Boost)  
  40  3:49  Stalker  
  40  3:52  Stalker  
  40  3:55  Probe (Chrono Boost)  
  45  4:04  Probe (Chrono Boost)  
  45  4:06  Probe (Chrono Boost)  
  47  4:15  Probe (Chrono Boost)  
  49  4:18  Probe (Chrono Boost)  
  49  4:21  Stalker x2  
  50  4:27  Blink (Chrono Boost)  
  43  4:32  Shield Battery  
  43  4:33  Probe  
  43  4:35  Probe  
  43  4:45  Stalker x2  
  47  4:48  Probe x2  
  49  4:56  Robotics Facility  
  49  5:00  Probe x2  
  51  5:11  Stalker x2  
  51  5:12  Probe x2  
  55  5:20  Pylon  
  55  5:24  Probe  
  56  5:32  Pylon  
  56  5:35  Stalker x2  
  60  5:42  Nexus  
  60  5:44  Probe  
  60  5:45  Observer  
  60  5:46  Probe  
  63  5:56  Probe  
  64  5:59  Probe  
  64  6:00  Stalker x2  
  69  6:07  Observer, Shield Battery  
  71  6:12  Probe (Chrono Boost), Forge  
  71  6:14  Probe (Chrono Boost)  
  72  6:18  Charge  
  72  6:23  Probe (Chrono Boost), Stalker x2  
  72  6:25  Probe (Chrono Boost)  
  78  6:27  Pylon  
  78  6:43  Protoss Ground Weapons Level 1 (Chrono Boost)  
  78  6:45  Probe (Chrono Boost)  
  79  6:48  Stalker x2  
  79  6:53  Probe (Chrono Boost)  
  84  6:56  Photon Cannon  
  84  6:57  Probe (Chrono Boost)  
  84  6:59  Probe (Chrono Boost)  
  86  7:05  Probe (Chrono Boost)  
  86  7:06  Probe (Chrono Boost)  
  86  7:08  Probe (Chrono Boost)  
  88  7:13  Gateway, Stalker x2  
  88  7:14  Probe  
  94  7:16  Gateway  
  94  7:17  Photon Cannon  
  93  7:24  Assimilator  
  93  7:27  Assimilator  
  93  7:28  Observer  
  94  7:32  Pylon  
  94  7:36  Gateway  
  94  7:38  Gateway  
  94  7:41  Stalker  
  94  7:42  Nexus  
  96  7:44  Probe  
  96  7:46  Probe  
  96  7:48  Probe  
  89  7:54  Stalker  
  89  7:56  Probe  
  89  7:58  Probe  
  87  8:02  Probe  
  86  8:08  Probe  
  86  8:10  Stalker x2  
  87  8:16  Gateway  
  87  8:17  Gateway  
  83  8:20  Warp Prism (Chrono Boost)  
  83  8:21  Photon Cannon  
  83  8:22  Stalker  
  85  8:33  Zealot x5  
  95  8:35  Protoss Ground Weapons Level 2 (Chrono Boost)  
  95  8:37  Probe x3  
  98  8:46  Stalker  
  100  8:56  Zealot x4  
  100  8:58  Zealot, Observer (Chrono Boost)  
  100  9:01  Probe  
  112  9:03  Shield Battery  
  111  9:17  Stalker x5  
  111  9:18  Stalker  
  121  9:25  Stalker  
  121  9:31  Pylon  
  123  9:32  Pylon  
  123  9:34  Pylon  
  123  9:44  Pylon  
  123  9:52  Zealot x8  
  137  9:56  Probe  
  137  9:57  Probe  
  137  10:05  Pylon, Observer (Chrono Boost)  
  134  10:07  Pylon  
  134  10:09  Pylon  
  134  10:13  Stalker x6  
  144  10:17  Observer (Chrono Boost)  
  123  10:28  Zealot x2  
  117  10:37  Stalker x6  
Show
View Real Time Build Order
Export as new Build Order

ShaDoWn Protoss 

Build Orders: Oracle Opening, Zealot Archon 

Get SALT Encoding   

  12  0:00  Probe  
  13  0:12  Probe  
  14  0:19  Pylon  
  14  0:24  Probe  
  15  0:37  Probe (Chrono Boost), Gateway  
  16  0:47  Probe (Chrono Boost), Assimilator  
  17  0:52  Probe (Chrono Boost)  
  18  1:03  Probe (Chrono Boost)  
  19  1:07  Gateway  
  19  1:13  Assimilator  
  19  1:14  Probe (Chrono Boost)  
  20  1:18  Probe (Chrono Boost)  
  20  1:25  Cybernetics Core  
  21  1:29  Probe  
  22  1:35  Pylon  
  22  1:41  Probe  
  23  1:53  Probe  
  24  2:01  Stalker x2  
  28  2:02  Warp Gate  
  28  2:05  Probe  
  29  2:16  Pylon  
  29  2:18  Probe  
  30  2:32  Stargate  
  29  2:51  Nexus  
  29  2:59  Stalker  
  29  3:02  Probe  
  32  3:13  Oracle (Chrono Boost)  
  32  3:15  Probe  
  36  3:25  Shield Battery  
  36  3:27  Pylon  
  36  3:29  Probe  
  37  3:41  Probe  
  36  3:43  Oracle  
  39  3:52  Stalker  
  39  3:54  Probe  
  42  3:58  Stalker  
  44  4:03  Probe  
  45  4:10  Probe  
  41  4:18  Probe  
  41  4:19  Stalker  
  41  4:22  Probe  
  41  4:31  Probe (Chrono Boost)  
  39  4:35  Probe (Chrono Boost), Stalker  
  42  4:43  Probe (Chrono Boost)  
  44  4:46  Probe (Chrono Boost)  
  44  4:49  Probe (Chrono Boost)  
  44  4:51  Twilight Council  
  44  4:52  Probe (Chrono Boost)  
  45  4:57  Probe  
  47  5:03  Probe  
  48  5:12  Probe (Chrono Boost)  
  46  5:15  Probe (Chrono Boost)  
  47  5:22  Stalker x2  
  47  5:24  Probe (Chrono Boost)  
  47  5:26  Probe (Chrono Boost)  
  47  5:27  Dark Shrine  
  53  5:30  Probe x2 (Chrono Boost)  
  55  5:40  Probe  
  55  5:41  Probe  
  57  5:45  Blink (Chrono Boost)  
  57  5:52  Probe  
  57  5:54  Probe  
  59  6:04  Probe  
  59  6:08  Nexus  
  59  6:10  Pylon  
  60  6:15  Pylon  
  60  6:16  Probe, Assimilator  
  61  6:23  Probe  
  62  6:27  Gateway  
  62  6:31  Probe  
  62  6:35  Gateway  
  62  6:36  Probe  
  63  6:40  Dark Templar x2  
  67  6:48  Probe  
  67  6:49  Probe  
  67  6:51  Nexus  
  69  6:54  Pylon  
  69  7:01  Archon  
  69  7:09  Pylon  
  69  7:12  Probe  
  69  7:13  Stalker x2  
  69  7:15  Shield Battery  
  70  7:25  Pylon  
  70  7:27  Probe x2  
  70  7:28  Shield Battery  
  72  7:30  Stalker x2  
  72  7:36  Stalker  
  77  7:39  Probe  
  77  7:43  Probe  
  79  7:46  Stalker  
  73  7:51  Probe  
  73  7:55  Probe, Stalker x2  
  69  8:04  Probe  
  69  8:05  Stalker  
  67  8:06  Probe  
  67  8:10  Stalker  
  68  8:18  Probe  
  68  8:21  Probe x2  
  68  8:23  Pylon  
  68  8:25  Forge  
  70  8:27  Forge  
  70  8:28  Stalker x3  
  70  8:30  Probe  
  77  8:39  Stalker  
  79  8:50  Nexus  
  79  8:51  Stalker x2  
  79  8:52  Dark Templar  
  85  8:57  Pylon  
  85  9:00  Gateway  
  85  9:02  Gateway  
  85  9:04  Stalker  
  85  9:05  Assimilator  
  85  9:07  Probe  
  88  9:11  Probe  
  88  9:14  Probe  
  88  9:16  Stalker x2  
  94  9:26  Stalker  
  94  9:31  Stalker  
  94  9:32  Shield Battery  
  94  9:35  Photon Cannon  
  94  9:40  Pylon, Assimilator  
  94  9:45  Stalker x2  
  98  9:47  Pylon  
  98  9:50  Probe  
  99  9:59  Stalker x4  
  107  10:11  Stalker x2  
  111  10:20  Nexus  
  106  10:23  Stalker x2  
  106  10:24  Stalker x2  
  98  10:38  Stalker  
Tags
 
Add a new tag
Caveats
  • Supply blocks, unpowered buildings, or Contaminate may cause inaccurate times.
  • Supply counts are checked every 10 seconds.